Unix NetHack Version 5.0.0-0 post-release - last build May 17 2026 04:57:42 (dc50c8380fa5e20985bfe3072449f57b8d9895ef,branch:main).

Game began 2026-05-18 18:21:46, ended 2026-05-18 19:11:04.

Brudee, chaotic female human Monk

                              --------------------
                              |.....|...|........|
                              |.....|.-.|00-%.0..|
                              |.....|.00|.0.0.|..|
                              |..<..|.-.|..-..|.-|
                              |.....|.......--...|
                              |.....|-...-10.|.@.|
                              |.....|--...|.0|.Y.|
                              |+-----------..|.0-|
                              |.^^%^^^^...^......|
                              ------------->.|...|
                                          --------

Brudee the Initiate             St:14 Dx:18 Co:9 In:14 Wi:10 Ch:10  Chaotic S:3052
Dlvl:5  $:58 HP:0(47) Pw:32(32) AC:5  Xp:7/646 T:3316 

Latest messages:
 The centipede misses!
 You hit the centipede!
 You hit the centipede.
 You kill the centipede!
 Welcome to experience level 7.
 You feel sensitive!
 n - a scroll labeled READ ME.
 You see here a pearl ring.
 o - a pearl ring.
 You can't go down here.
 You climb up the stairs.
 With great effort you move the boulder.
 You feel strong!
 You must have been exercising diligently.
 With great effort you move the boulder.
 The boulder suddenly rolls away from you!
 You hear a boulder fall.
 With great effort you move the boulder.
 With great effort you move the boulder.
 With great effort you move the boulder.
 The boulder suddenly rolls away from you!
 You hear a boulder fall.
 You see here a tin wand.
 p - a tin wand.
 With great effort you move the boulder.
 The boulder suddenly rolls away from you!
 You hear a boulder fall.
 With great effort you move the boulder.
 You hit the carnivorous ape!
 The carnivorous ape hits!
 The carnivorous ape hits again!
 You hit the carnivorous ape!
 The carnivorous ape hits!
 The carnivorous ape hits again!
 The carnivorous ape grabs you!
 You hit the carnivorous ape.
 The carnivorous ape hits!
 The carnivorous ape hits again!
 You are being crushed.
 You hit the carnivorous ape!
 The carnivorous ape hits!
 The carnivorous ape hits again!
 You are being crushed.
 You hit the carnivorous ape!
 The carnivorous ape hits!
 The carnivorous ape hits again!
 You die...
 Do you want your possessions identified? [ynq] (y) y
 Do you want to see your attributes? [ynq] (y) y
 Do you want an account of creatures vanquished? [ynaq] (y) q

Inventory:
 Coins    ('$')
  $ - 58 gold pieces
 Amulets  ('"')
  Z - an uncursed amulet of reflection
 Armor    ('[')
  x - an uncursed +0 orcish helm (being worn)
  a - an uncursed +2 pair of leather gloves (being worn)
  O - an uncursed +0 pair of fumble boots
  N - an uncursed +0 elven cloak
  b - an uncursed very burnt +1 robe (being worn)
 Comestibles  ('%')
  c - 2 uncursed slime molds
  e - an uncursed carrot
  r - an uncursed tripe ration
 Scrolls  ('?')
  f - 2 uncursed scrolls of earth
  n - an uncursed scroll of gold detection
  Y - an uncursed scroll of light
 Potions  ('!')
  X - a cursed potion of gain energy
  V - 3 uncursed potions of water
 Rings    ('=')
  h - an uncursed ring of free action (on right hand)
  o - a cursed -1 ring of increase accuracy
  W - an uncursed ring of polymorph control
 Wands    ('/')
  p - a blessed wand of opening (0:6)
  j - a wand of slow monster (0:4)
 Tools    ('(')
  i - a cursed sack containing 11 items
  k - a magic marker (0:21)
  I - a cursed tin opener
  u - a cursed tinning kit (0:56)
 Gems/Stones  ('*')
  s - an uncursed touchstone

Contents of the sack:
  4 uncursed apples
  an uncursed carrot
  3 uncursed food rations
  3 uncursed fortune cookies
  6 uncursed oranges
  an uncursed scroll of enchant weapon
  a blessed scroll of gold detection
  an uncursed scroll of light
  a blessed potion of blindness
  a cursed potion of gain energy
  2 uncursed potions of water

Brudee the Monk's attributes:

Background:
 You were an Initiate, a level 7 female human Monk.
 You were chaotic, on a mission for Huan Ti
 who was opposed by Shan Lai Ching (lawful) and Chih Sung-tzu (neutral).
 You were right-handed.
 You were in Sokoban, on level 5.
 You entered the dungeon 3316 turns ago.
 There was a new moon in effect when your adventure ended.
 You had 646 experience points, 634 more were needed to attain level 8.
 Your score was 3052 before end-of-game adjustments.

Basics:
 You had 0 out of 47 hit points.
 You had all 32 energy points (spell power).
 Your armor class was 5.
 Your wallet contained 58 zorkmids.
 Autopickup was off.

Final Characteristics:
 Your strength was 14 (limit:18/100).
 Your dexterity was 18 (limit:18).
 Your constitution was 9 (peak:10, limit:18).
 Your intelligence was 14 (limit:18).
 Your wisdom was 10 (peak:11, limit:18).
 Your charisma was 10 (limit:18).

Final Status:
 You were held by a carnivorous ape (south).
 You weren't hungry.
 You were unencumbered.
 You were empty handed.
 You had basic skill with martial arts and could have enhanced that.

Final Attributes:
 You were piously aligned.
 You were sleep resistant.
 You were poison resistant.
 You saw invisible.
 You were warned.
 You were stealthy.
 You were guarded.
 Your spell casting was enhanced by wearing a robe.
 You were fast.
 You had free action.
 You are dead (2nd time!).

Miscellaneous:
 You didn't encounter any bones levels.
 Total elapsed playing time was 49 minutes and 17 seconds.

Major events:
 Turn
    1: Brudee the chaotic female human Monk entered the dungeon
  965: attained the rank of Novice (level 3)
 2047: entered Sokoban
 2371: completed 1st Sokoban level
 2457: attained the rank of Initiate (level 6)
 2977: completed 2nd Sokoban level
 2995: averted death (killed by a yeti)
 3316: killed by a carnivorous ape

Spells:
 Name                 Level Category     Fail Retention
 protection             1   clerical       0%  76%-100%
 detect monsters        1   divination     0%  76%-100%

Skills:
 Fighting Skills
   martial arts       [Basic]
 Weapon Skills
   quarterstaff       [Unskilled]
   spear              [Unskilled]
   crossbow           [Unskilled]
   shuriken           [Unskilled]
 Spellcasting Skills
   attack spells      [Unskilled]
   healing spells     [Basic]
   divination spells  [Unskilled]
   enchantment spells [Unskilled]
   clerical spells    [Unskilled]
   escape spells      [Unskilled]
   matter spells      [Unskilled]

Voluntary challenges:
 Character rerolling was not enabled.
 You followed a strict vegan diet.
 You never genocided any monsters.
 You never polymorphed an object.
 You never changed form.
 You used no wishes.
 You violated the special Sokoban rules twice.
Achievements:
 You entered a shop.
 You attained the rank of Novice.
 You entered Sokoban.
 You attained the rank of Initiate.

 The Dungeons of Doom: levels 1 to 9
    Level 1:
       A fountain.
    Level 2:
    Level 3:
    Level 4:
    Level 5:
       A weapon shop, some fountains, many trees.
    Level 6:
       A fountain.
    Level 7:
       Many fountains.
    Level 8:
       Stairs up to Sokoban, level 7.
    Level 9:
 Sokoban: levels 7 up to 5
    Level 5: <- You were here.
       Unsolved.
       Final resting place for
          you, killed by a carnivorous ape.
    Level 6:
       Solved.
    Level 7:
       Solved.


Vanquished creatures:
  2 small mimics
  a flaming sphere
  a tengu
 an elf mummy
  a giant beetle
  2 wolves
  a lynx
  a yeti
  a lizard
  a dust vortex
  a mountain nymph
  a yellow light
  a shrieker
  a kobold mummy
  a red naga hatchling
  2 gray oozes
  3 floating eyes
  a hill orc
  2 centipedes
  2 killer bees
  a coyote
  a hobgoblin
  a brown mold
  2 geckos
  4 jackals
  a fox
  2 goblins
  2 sewer rats
  7 grid bugs
  a lichen
  a kobold zombie
  4 newts
54 creatures vanquished.

No species were genocided or became extinct.

Game over:
                       ----------
                      /          \
                     /    REST    \
                    /      IN      \
                   /     PEACE      \
                  /                  \
                  |      Brudee      |
                  |      58 Au       |
                  |   killed by a    |
                  | carnivorous ape  |
                  |                  |
                  |                  |
                  |       2026       |
                 *|     *  *  *      | *
        _________)/\\_//(\/(/\)/\//\/|_)_______

Goodbye Brudee the Monk...

You died in Sokoban on dungeon level 5 with 3047 points,
and 58 pieces of gold, after 3316 moves.
You were level 7 with a maximum of 47 hit points when you died.

